Unix NetHack Version 5.0.0-0 post-release - last build May  4 2026 22:22:43 (774f63e81ad911689b3a0859ea89b322d5daca8d,branch:main).

Game began 2026-05-07 10:54:06, ended 2026-05-07 11:19:06.

01245990302, chaotic female elven Priestess

                                         ---------
                                         |.......|
                                      ###........|             -----
                      ------------- ###  |.......|             |...|
                 #####....{.......| #    |.......|             |...|
                 #    |...........-##    |..>....|          ###..{.|
                 #    |...........|     #.........#            |...@##
             #####    |............######---------#           #....| #
             #        |...........|               #       #####-.--- #
    ----     #        |............########################   ###    #   -----
    |?!(    ##        -----------#-               #           #      #   |...|
    |%)?    #                                     #           #      ####....|
    |)?%.  ##                                     #           #       ----...|
    |[[%.|##                                      #          ##       |.(....|
    |[??.-#                                       #----------.-----   |......|
    |/([.|                                        #|..........<...|   |......|
    -----                                         #|..............|   --------
                                                  #-..............|
                                                   ----------------

01245990302 the Acolyte      St:12 Dx:10 Co:16 In:10 Wi:20 Ch:7  Chaotic
Dlvl:2  $:20 HP:0(26) Pw:29(29) AC:9  Xp:3 T:2717  FoodPois Hungry  

Latest messages:
 You climb up the stairs.
 The giant rat bites!
 You miss the giant rat.
 The giant rat bites!
 You hit the giant rat!
 The giant rat bites!
 You kill the giant rat!
 You see here a giant rat corpse.
 z - a giant rat corpse.
 You hear the chime of a cash register.
 You slip on the ice.
 You make a lot of noise!
 You slide on the ice.
 You make a lot of noise!
 You slip on the ice.
 You make a lot of noise!
 You slip on the ice.
 You make a lot of noise!
 You slide on the ice.
 You make a lot of noise!
 You slip on the ice.
 You make a lot of noise!
 You slip on the ice.
 You make a lot of noise!
 You slide on the ice.
 You make a lot of noise!
 You slide off the ice.
 You make a lot of noise!
 You are beginning to feel hungry.
 What do you want to eat? [z or ?*] z
 Ulch - that meat was tainted!
 You feel deathly sick.
 (It must have died too long ago to be safe to eat.)
 There is nothing here to pick up.
 What do you want to drink? [d or ?*] d
 This burns like acid!
 What do you want to drink? [d or ?*] d
 This burns like acid!
 What do you want to drink? [d or ?*] d
 This burns like acid!
 Elf, your life force is running out.
 Your sickness feels worse.
 Your sickness is severe.
 You are at Death's door.
 You die from your illness.
 Do you want your possessions identified? [ynq] (y) y
 Do you want to see your attributes? [ynq] (y) y
 Do you want an account of creatures vanquished? [ynaq] (y) y
 Do you want to see your conduct and achievements? [ynq] (y) y
 Do you want to see the dungeon overview? [ynq] (y) y

Inventory:
 Coins    ('$')
  $ - 20 gold pieces
 Weapons  (')')
  j - 8 +0 darts
  k - a +0 orcish dagger
  r - a cursed -1 orcish dagger
  n - a +0 dwarvish mattock
  a - a blessed +1 mace (weapon in right hand)
 Armor    ('[')
  m - a blessed +0 orcish helm
  s - a +0 orcish helm
  c - a thoroughly burnt +0 small shield (being worn)
  b - a burnt +0 robe (being worn)
 Scrolls  ('?')
  y - a scroll of genocide
 Spellbooks  ('+')
  g - a spellbook of healing
  h - a spellbook of identify
 Potions  ('!')
  d - a potion of holy water
 Tools    ('(')
  i - a bugle
 Gems/Stones  ('*')
  l - 3 worthless pieces of yellow glass

01245990302 the Priestess's attributes:

Background:
 You were an Acolyte, a level 3 elven Priestess.
 You were chaotic, nominally on a mission for Loki
 who was opposed by Tyr (lawful) and Odin (neutral).
 You were right-handed.
 You were in the Dungeons of Doom, on level 2.
 You entered the dungeon 2717 turns ago.
 You had 53 experience points, 27 more were needed to attain level 4.

Basics:
 You had 0 out of 26 hit points.
 You had all 29 energy points (spell power).
 Your armor class was 9.
 Your wallet contained 20 zorkmids.
 Autopickup was off.

Final Characteristics:
 Your strength was 12 (limit:18).
 Your dexterity was 10 (limit:18).
 Your constitution was 16 (limit:16).
 Your intelligence was 10 (limit:20).
 Your wisdom was 20 (limit:20).
 Your charisma was 7 (limit:18).

Final Status:
 You died from food poisoning.
 You were hungry.
 You were unencumbered.
 You were wielding a mace.
 You had basic skill with mace.

Final Attributes:
 You were piously aligned.
 You had infravision.
 You were guarded.
 Your spell casting was enhanced by wearing a robe.
 You are dead.

Miscellaneous:
 You didn't encounter any bones levels.
 Total elapsed playing time was 24 minutes and 58 seconds.

Major events:
 Turn
    1: 01245990302 the chaotic elven Priestess entered the dungeon
 1359: attained the rank of Acolyte (level 3)
 2717: poisoned by a rotted giant rat corpse

Spells:
 Name                 Level Category     Fail Retention
 healing                1   healing        0%  76%-100%
 identify               3   divination    55%  76%-100%

Skills:
 Fighting Skills
   bare handed combat [Unskilled]
 Weapon Skills
   club               [Unskilled]
   mace               [Basic]
   morning star       [Unskilled]
   flail              [Unskilled]
   hammer             [Unskilled]
   quarterstaff       [Unskilled]
   polearms           [Unskilled]
   spear              [Unskilled]
   trident            [Unskilled]
   lance              [Unskilled]
   bow                [Unskilled]
   sling              [Unskilled]
   crossbow           [Unskilled]
   dart               [Unskilled]
   shuriken           [Unskilled]
   boomerang          [Unskilled]
   unicorn horn       [Unskilled]
 Spellcasting Skills
   healing spells     [Unskilled]
   divination spells  [Unskilled]
   clerical spells    [Basic]

Voluntary challenges:
 Character rerolling was not enabled.
 You were an atheist.
 You never genocided any monsters.
 You never polymorphed an object.
 You never changed form.
 You used no wishes.
Achievements:
 You entered a shop.
 You attained the rank of Acolyte.

 The Dungeons of Doom: levels 1 to 3
    Level 1:
       A fountain.
    Level 2: <- You were here.
       A general store, some fountains.
       Final resting place for
          you, poisoned by a rotted giant rat corpse.
    Level 3:


Vanquished creatures:
  a shrieker
 an acid blob
  3 giant rats
  a gnome zombie
  a fox
  a kobold
  3 goblins
  2 grid bugs
  2 lichens
  a kobold zombie
  5 newts
21 creatures vanquished.

No species were genocided or became extinct.

Game over:
                       ----------
                      /          \
                     /    REST    \
                    /      IN      \
                   /     PEACE      \
                  /                  \
                  |   01245990302    |
                  |      20 Au       |
                  |  poisoned by a   |
                  | rotted giant rat |
                  |      corpse      |
                  |                  |
                  |       2026       |
                 *|     *  *  *      | *
        _________)/\\_//(\/(/\)/\//\/|_)_______

Goodbye 01245990302 the Priestess...

You were poisoned in The Dungeons of Doom on dungeon level 2 with 340 points,
and 20 pieces of gold, after 2717 moves.
You were level 3 with a maximum of 26 hit points when you were poisoned.

